 Dungeon Crawl Stone Soup version 0.30-a0-1035-g38d5fb2972 (webtiles) character file.

Game seed: 5197190922758817596

277 Aneyh the Trooper (level 6, -1/42 HPs)
             Began as a Tengu Fighter on Apr 9, 2023.
             Slain by a river rat (4 damage)
             ... in a sewer.
             The game lasted 00:02:35 (1798 turns).

Aneyh the Trooper (Tengu Fighter)                   Turns: 1798, Time: 00:02:35

Health: -1/42      AC:  8    Str: 18    XL:     6   Next: 25%
Magic:  7/7        EV: 10    Int:  8    God:
Gold:   205        SH:  5    Dex: 14    Spells: 5/5 levels left

rFire   . . .      SeeInvis .    a - +0 trident
rCold   . . .      Faith    .    c - +0 buckler
rNeg    . . .      Spirit   .    b - +0 scale mail
rPois   .          Reflect  .    (helmet restricted)
rElec   .          Rampage  .    (no cloak)
rCorr   .                        k - +0 pair of gloves
Will    .....                    (boots unavailable) Stlth
                                 (no amulet)
HPRegen 0.27/turn                (no ring)
MPRegen 0.10/turn                (no ring)

@: flying quickly and evasively, quick
A: beak, talons 3, nimble flight
a: no special abilities


You were in a sewer.
You visited 1 branch of the dungeon, and saw 4 of its levels.
You also visited: Sewer.

You collected 205 gold pieces.

Inventory:

Hand Weapons
 a - a +0 trident (weapon)
 d - a +3 hand axe
 m - a +0 vampiric short sword
Armour
 b - a +0 scale mail (worn)
 c - a +0 buckler (worn)
 k - a +0 pair of gloves (worn)
Scrolls
 f - 2 scrolls of identify {unknown}
 g - a scroll of blinking {unknown}
 h - a scroll of enchant weapon {unknown}
 i - a scroll of teleportation {unknown}
 j - a scroll of magic mapping {unknown}
 o - 2 scrolls of fear {unknown}
Potions
 e - 6 potions of curing
 l - a potion of lignification {unknown}
 n - a potion of mutation {unknown}
 p - 2 potions of haste {unknown}


   Skills:
 + Level 6.8 Fighting
 - Level 2.1 Polearms
 - Level 3.2 Armour
 - Level 3.0 Shields


You had 5 spell levels left.
You didn't know any spells.
Your spell library was empty.

Dungeon Overview and Level Annotations

Branches:
Dungeon (4/15)              Sewer (1/1)
 Temple: D:4-7

Altars:
Ashenzari
Kikubaaqudgha
Nemelex Xobeh

Shops:
D:2 [


Innate Abilities, Weirdness & Mutations

You have a beak for a mouth.
You have claws for feet.
Your magical nature lets you fly swiftly and evasively.


Message History

You miss the adder. Your kick misses the adder. Your peck misses the adder.
You feel sick. The adder barely misses you.
You puncture the adder! Your peck misses the adder.
The adder is almost dead.
You feel sick.
The adder bites you but does no damage. x2
You hit the adder.
You kill the adder!
You feel sick.
You feel sick.
You see here an adder corpse.
You start resting.
You feel sick.
You are no longer poisoned.
You hear the slow rusting of a drain.
Found 12 gold pieces.
There is a glowing drain here.
The world spins around you as you enter the gateway.
You enter a sewer!
Found a gate leading back out of this place.
There is an empty arch of ancient stone here.
There are monsters nearby!
You are too injured to fight recklessly!
Reach: a) +0 trident
Press: ? - help, Dir - move target, f - river rat
Aim: a river rat (about 42% to evade your +0 trident)
You reach to attack!
You barely miss the river rat.
The rat twitches its whiskers.
You hit the river rat but do no damage. Your peck misses the river rat.
The river rat bites you.
* * * LOW HITPOINT WARNING * * *
You barely miss the river rat. The river rat barely misses you.
It was a potion of curing.
You feel better. The river rat closely misses you.
You closely miss the river rat. Your kick misses the river rat.
The river rat bites you.
* * * LOW HITPOINT WARNING * * *
The rat bites you but does no damage.
You closely miss the river rat. Your kick misses the river rat.
The river rat bites you.
* * * LOW HITPOINT WARNING * * *
The rat closely misses you. x2; The river rat bites you.
You die...

~..~
#.~~
~..
##.~#
#~..
#~~#
#rr#
#@∩#
#r~#
#.~#
#~~~
##.~#
...
#~..
..~~


You could see a river rat and 2 rats.

Vanquished Creatures
  2 scorpions
  Natasha (D:4)
  8 adders
  6 ball pythons
  2 endoplasms
  4 giant cockroaches
  9 goblins
  8 hobgoblins
  6 jackals
  4 kobolds
  3 quokkas
  3 bats
  5 frilled lizards
  4 rats
65 creatures vanquished.

Notes
Turn   | Place    | Note
-------+----------+-------------------------------------------
     0 | D:1      | Aneyh the Tengu Fighter began the quest for the Orb.
     0 | D:1      | Reached XP level 1. HP: 14/14 MP: 2/2
   152 | D:1      | Reached XP level 2. HP: 19/19 MP: 3/3
   343 | D:1      | Reached skill level 4 in Fighting
   546 | D:1      | Reached XP level 3. HP: 24/24 MP: 4/4
   834 | D:2      | Found Memor's Antique Armour Boutique.
  1087 | D:2      | Reached XP level 4. HP: 30/30 MP: 5/5
  1232 | D:2      | Found a faded altar of an unknown god.
  1344 | D:2      | Reached skill level 5 in Fighting
  1565 | D:3      | Found a broken altar of Ashenzari.
  1640 | D:3      | Found a sparkling altar of Nemelex Xobeh.
  1648 | D:3      | Found an ancient bone altar of Kikubaaqudgha.
  1653 | D:3      | Noticed a scorpion
  1660 | D:3      | Killed a scorpion
  1661 | D:3      | Gained mutation: Your magical nature lets you fly swiftly
                  | and evasively. [Tengu growth]
  1661 | D:3      | Reached XP level 5. HP: 27/36 MP: 6/6
  1738 | D:4      | Reached skill level 6 in Fighting
  1742 | D:4      | Reached XP level 6. HP: 29/42 MP: 7/7
  1746 | D:4      | Found a glowing drain.
  1748 | D:4      | Noticed Natasha
  1754 | D:4      | Killed Natasha
  1789 | Sewer    | Entered a sewer
  1798 | Sewer    | Slain by a river rat

Illustrated notes

Levels and vault maps discovered:
D:1:      nagdon_arrival_zigzag_paths, layout_basic
D:2:      layout_loops_ring, nicolae_ecumenical_lake_church, serial_shops,
          nicolae_shop_competitors_out_of_business, chequers_decorated_corner
D:3:      layout_basic, mainiacjoe_overflow_tiny_flanked,
          mainiacjoe_overflow_surrounded_room, amcnicky_altar_gilded,
          kennysheep_generic_room_15
D:4:      layout_rooms, grunt_qazlal_sundering, gup_sewer_entry_glass,
          guppyfry_shop_venom, uniq_edmund, uniq_natasha
Sewer:    sewer_hellmonk_bad_rat

Skill      XL: |  1  2  3  4  5 |
---------------+----------------+-----
Fighting       | 4 5 6 |  6.8
Polearms       | |  2.1
Armour         | |  3.2
Shields        | |  3.0

Action                     |  1- 3 |  4- 6 || total
---------------------------+-------+-------++-------
  Melee: Trident           |   113 |    67 ||   180
         Kick              |    16 |    12 ||    28
         Peck              |    10 |    10 ||    20
    Use: Potion            |       |     2 ||     2
 Armour: Scale mail        |    33 |    50 ||    83
  Dodge: Dodged            |    46 |    35 ||    81
  Block: Buckler           |    25 |    20 ||    45

Table legend: (Time is in decaauts)
 A = Elapsed time spent in this place.
 B = Non-inter-level travel time spent in this place.
 C = Inter-level travel time spent in this place.
 D = Time resting spent in this place.
 E = Time spent auto-exploring this place.
 F = Levels seen in this place.
 G = Mean time per level.
                   A        B        C        D        E       F      G
               +--------+--------+--------+--------+--------+-----+--------+
         Total |   1831 |   1754 |     77 |     46 |   1254 |   5 |  366.2 |
       Dungeon |   1821 |   1744 |     77 |     46 |   1254 |   4 |  455.2 |
         Sewer |      9 |      9 |      0 |      0 |      0 |   1 |    9.0 |
               +--------+--------+--------+--------+--------+-----+--------+

Top non-repeatable levels by time:
     D:2: 792 daAuts
     D:1: 765 daAuts
     D:3: 160 daAuts
     D:4: 103 daAuts
   Sewer: 9 daAuts
